Carnivores vs Sewer Rats
Created - March 27, 2020 at 19:57
Goals
|
| Carnivores |
1 |
0 |
2 |
3 |
| Sewer Rats |
2 |
1 |
1 |
4 |
|
Shots
|
| Carnivores |
10 |
2 |
17 |
29 |
| Sewer Rats |
10 |
14 |
15 |
39 |
|
1st period
1. Carnivores , Scott Laughton 20 (Chris Lawrence 52) at 2:04
2. Sewer Rats , Luke Witkowski 28 (Jonathan Marchessault 40, Tomas Tatar 37) at 6:53 (PP)
3. Sewer Rats , Erik Condra 35 (Joseph Blandisi 18, Ryan Murphy 8) at 16:23
Penalties :
Nicolas Kerdiles (Bre) for Tripping (Minor) at 6:16, Josh Morrissey (Bre) for Unsportsmanlike conduct (Minor) at 13:40, Mark McNeill (Bre) for Unsportsmanlike conduct (Minor) at 16:26
2nd period
4. Sewer Rats , Jonathan Marchessault 29 (Luke Witkowski 34, Stefan Elliott 36) at 12:40 (PP)
Penalties :
Trevor Van Riemsdyk (Bre) for Tripping (Minor) at 5:16, Nicolas Kerdiles (Bre) for Tripping (Minor) at 9:59, Scott Laughton (Bre) for Tripping (Minor) at 12:26, Chris Lawrence (Bre) for Interference (Minor) at 17:25
3rd period
5. Carnivores , Blake Geoffrion 43 (Barret Jackman 1, Anton Gustafsson 48) at 4:46
6. Carnivores , Brett Connolly 9 (Markus Granlund 41, Josh Morrissey 15) at 17:55
7. Sewer Rats , Daniel Carr 28 (Jonathan Marchessault 41, Joel Edmundson 26) at 19:23
Penalties :
Josh Morrissey (Bre) for Unsportsmanlike conduct (Minor) at 8:10, Tomas Tatar (Tol) for Elbowing (Minor) at 19:58
Goalie Stats
Niklas Svedberg (Bre), 35 saves from 39 shots - (0.897), L, 22-18-2, 59:33 minutes
Marek Mazanek (Tol), 26 saves from 29 shots - (0.897), W, 31-14-4, 60:00 minutes
Players Stats for Carnivores
Player Name G A P +/- PIM S H SB GA TA FO MP PP MP PK MP
------------------------------------------------------------------------------------
Adam Almquist 0 0 0 0 0 1 0 0 0 0 0/0 4:34 0:00 0:00
Anton Gustafsson 0 1 1 1 0 5 4 0 0 0 14/33 24:20 0:01 6:15
Barret Jackman 0 1 1 1 0 0 0 5 0 0 0/0 26:26 0:00 7:50
Blake Geoffrion 1 0 1 1 0 3 2 0 3 0 1/1 19:39 0:01 2:28
Brett Connolly 1 0 1 -1 0 3 1 0 1 1 0/0 11:15 0:01 0:00
Chris Lawrence 0 1 1 1 2 3 2 0 1 0 0/1 16:09 0:00 3:08
Christian Djoos 0 0 0 -1 0 2 0 3 0 0 0/0 15:35 0:00 4:55
Hunter Shinkaruk 0 0 0 0 0 2 0 0 0 0 0/0 8:48 0:00 2:44
Josh Morrissey 0 1 1 1 4 0 0 4 0 1 0/0 27:28 0:01 5:17
Lucas Wallmark 0 0 0 0 0 2 0 0 0 1 1/1 6:04 0:00 0:00
Mark McNeill 0 0 0 1 2 1 0 3 0 1 2/3 16:34 0:00 0:00
Markus Granlund 0 1 1 -1 0 1 0 1 1 0 5/11 15:33 0:00 4:06
Mat Clark 0 0 0 1 0 0 1 0 0 1 0/0 15:00 0:00 4:19
Mattias Backman 0 0 0 -1 0 0 0 0 0 0 0/0 10:16 0:01 0:36
Nicolas Kerdiles 0 0 0 1 4 2 2 0 1 0 0/1 18:04 0:00 5:33
Oskar Lindblom 0 0 0 -1 0 0 2 0 0 0 0/0 11:21 0:00 0:07
Riley Barber 0 0 0 0 0 0 0 0 0 0 0/0 6:04 0:00 0:00
Scott Laughton 1 0 1 1 2 3 0 0 0 0 12/18 12:47 0:00 1:09
T.J Brodie 0 0 0 1 0 1 0 1 0 0 0/0 11:58 0:00 0:00
Trevor Van Riemsdyk 0 0 0 0 2 0 0 0 0 1 0/0 9:12 0:00 2:33
Players Stats for Sewer Rats
Player Name G A P +/- PIM S H SB GA TA FO MP PP MP PK MP
------------------------------------------------------------------------------------
Anthony Duclair 0 0 0 0 0 1 0 0 2 0 0/0 7:32 0:00 0:00
Connor Carrick 0 0 0 0 0 0 0 0 0 0 0/0 4:10 0:00 0:00
Daniel Carr 1 0 1 0 0 4 0 0 0 0 0/0 18:47 6:08 0:00
Dmitrij Jaskin 0 0 0 0 0 2 0 0 0 0 0/0 8:33 0:29 0:00
Erik Condra 1 0 1 -1 0 4 0 0 0 0 0/0 11:03 0:36 0:00
Jared McCann 0 0 0 0 0 0 0 0 0 0 0/0 0:00 0:00 0:00
Jarred Tinordi 0 0 0 -1 0 0 0 2 0 1 0/0 27:18 7:21 0:01
Joel Edmundson 0 1 1 0 0 2 2 2 0 0 0/0 18:55 5:24 0:00
John Ramage 0 0 0 0 0 1 0 0 0 0 0/0 9:37 0:00 0:00
Jonathan Marchessault 1 2 3 0 0 3 1 2 0 1 9/18 18:47 6:08 0:00
Jonathan Racine 0 0 0 0 0 0 0 0 0 0 0/0 0:00 0:00 0:00
Joseph Blandisi 0 1 1 -1 0 1 1 0 0 0 0/0 9:55 0:00 0:00
Josh Archibald 0 0 0 0 0 0 0 0 0 0 0/0 0:56 0:24 0:00
Luke Witkowski 1 1 2 0 0 6 6 1 1 1 0/1 18:48 6:08 0:01
Mark Mancari 0 0 0 0 0 1 2 0 0 0 1/3 22:45 6:08 0:01
Matteson Iacopelli 0 0 0 0 0 0 0 0 0 0 0/0 0:00 0:00 0:00
Michael Dal Colle 0 0 0 0 0 0 0 0 0 0 0/0 0:00 0:00 0:00
Nick Cousins 0 0 0 -1 0 3 3 0 0 0 3/8 9:55 0:00 0:00
Ryan Murphy 0 1 1 0 0 0 0 1 0 3 0/0 9:37 0:00 0:00
Stefan Elliott 0 1 1 -1 0 3 1 3 1 0 0/0 27:18 7:21 0:01
Steven Kampfer 0 0 0 0 0 1 0 1 0 0 0/0 18:55 5:24 0:00
Tomas Tatar 0 1 1 0 2 4 1 2 1 1 0/2 22:41 6:06 0:00
Tyler Motte 0 0 0 0 0 0 0 0 0 0 1/2 7:32 0:00 0:00
Vincent Trocheck 0 0 0 0 0 3 0 0 1 0 20/35 22:44 6:08 0:00
Xavier Ouellet 0 0 0 0 0 0 0 0 0 0 0/0 4:10 0:00 0:00
3 Stars
1 - Luke Witkowski (Tol)
2 - Jonathan Marchessault (Tol)
3 - Blake Geoffrion (Bre)
Power Play
Carnivores - 0 on 1 Attempt(s) - 0.00%
Sewer Rats - 2 on 8 Attempt(s) - 25.00%
Penalty Kill
Carnivores - 6 on 8 Attempt(s) - 75.00%
- Score 0 goal in Penalty Kill
Sewer Rats - 1 on 1 Attempt(s) - 100.00%
- Score 0 goal in Penalty Kill
Team Stat
Carnivores - Hits : 14 - Faceoff Wins : 35 - Blocked Shots : 17 - Penalty Minutes : 16
Sewer Rats - Hits : 17 - Faceoff Wins : 34 - Blocked Shots : 14 - Penalty Minutes : 2
Official
Referees : Unknown
Linesman : Unknown
Game Notes
Mat Clark is injured at 6:00 of 3rd period (Chest/Ribs)
T.J Brodie is injured at 14:04 of 3rd period (Concussion)
Finance
Level 1 -- Attendance: 1564 (78.20%) -- Ticket Income $54,740
Level 2 -- Attendance: 881 (88.10%) -- Ticket Income $14,977
Total Attendance: 2445 (81.50%)
Total Ticket Income: $69,717
Other Income: $3,486
Total Income: $73,203
Carnivores
5 vs 5 Forward
Center Left Wing Right Wing Time % Phy DF OF
1 Anton Gustafsson Blake Geoffrion Mark McNeill 40 1 2 2
2 Scott Laughton Nicolas Kerdiles Chris Lawrence 30 1 2 2
3 Markus Granlund Oskar Lindblom Brett Connolly 20 1 2 2
4 Lucas Wallmark Hunter Shinkaruk Riley Barber 10 1 2 2
5 vs 5 Defense
Defense Defense Time % Phy DF OF
1 Barret Jackman Josh Morrissey 40 1 2 2
2 Mat Clark T.J Brodie 30 1 2 2
3 Christian Djoos Mattias Backman 20 1 2 2
4 Trevor Van Riemsdyk Adam Almquist 10 1 2 2
PowerPlay Forward
Center Left Wing Right Wing Time % Phy DF OF
1 Anton Gustafsson Blake Geoffrion Brett Connolly 60 1 1 3
2 Scott Laughton Nicolas Kerdiles Chris Lawrence 40 1 1 3
PowerPlay Defense
Defense Defense Time % Phy DF OF
1 Mattias Backman Josh Morrissey 60 1 1 3
2 Mat Clark T.J Brodie 40 1 1 3
Penalty Kill 4 Players Forward
Center Wing Time % Phy DF OF
1 Anton Gustafsson Nicolas Kerdiles 60 1 2 2
2 Markus Granlund Chris Lawrence 40 1 2 2
Penalty Kill 4 Players Defense
Defense Defense Time % Phy DF OF
1 Barret Jackman Josh Morrissey 60 1 3 1
2 Christian Djoos Mat Clark 40 1 3 1
Penalty Kill - 3 Players Forward
Forward Time % Phy DF OF
1 Mark McNeill 60 1 3 1
2 Anton Gustafsson 40 1 3 1
Penalty Kill - 3 Players Defense
Defense Defense Time % Phy DF OF
1 Barret Jackman Josh Morrissey 60 1 3 1
2 Christian Djoos Mat Clark 40 1 3 1
4 vs 4 Forward
Center Wing Time % Phy DF OF
1 Anton Gustafsson Mark McNeill 60 1 2 2
2 Scott Laughton Chris Lawrence 40 1 2 2
4 vs 4 Defense
Defense Defense Time % Phy DF OF
1 Barret Jackman Josh Morrissey 60 1 2 2
2 T.J Brodie Mat Clark 40 1 2 2
Last Minutes Offensive
Center Left Wing Right Wing Defense Defense
Anton Gustafsson Blake Geoffrion Chris Lawrence Mat Clark Josh Morrissey
Last Minutes Defensive
Center Left Wing Right Wing Defense Defense
Anton Gustafsson Nicolas Kerdiles Mark McNeill Barret Jackman Mat Clark
Goaltenders
Starting : Niklas Svedberg
Backup : Tristan Jarry
Extra Forwards
Normal : Oskar Lindblom, Hunter Shinkaruk, Nicolas Kerdiles - PP : Oskar Lindblom, Hunter Shinkaruk - PK : Blake Geoffrion
Extra Defensemen
Normal : Josh Morrissey, Trevor Van Riemsdyk, Christian Djoos - PP : Josh Morrissey - PK : Trevor Van Riemsdyk, Christian Djoos
Penalty Shots
Blake Geoffrion, Anton Gustafsson, Oskar Lindblom, Markus Granlund, Scott Laughton
Scratches
Ryan Olsen (Healthy), Stanislav Galiev (Healthy), Mark MacMillan (Healthy), Troy Bourke (Healthy), Alexandre Mallet (Healthy)
David Fischer (Sore Left Knee Injury), Andreas Englund (Sprained Left Ankle Injury), Josh Wesley (Healthy), Linus Ullmark (Healthy)
Sewer Rats
5 vs 5 Forward
Center Left Wing Right Wing Time % Phy DF OF
1 Vincent Trocheck Tomas Tatar Mark Mancari 40 1 2 2
2 Jonathan Marchessault Daniel Carr Luke Witkowski 30 1 2 2
3 Nick Cousins Joseph Blandisi Erik Condra 20 1 2 2
4 Tyler Motte Anthony Duclair Dmitrij Jaskin 10 1 2 2
5 vs 5 Defense
Defense Defense Time % Phy DF OF
1 Stefan Elliott Jarred Tinordi 40 1 2 2
2 Steven Kampfer Joel Edmundson 30 1 2 2
3 John Ramage Ryan Murphy 20 1 2 2
4 Connor Carrick Xavier Ouellet 10 1 2 2
PowerPlay Forward
Center Left Wing Right Wing Time % Phy DF OF
1 Vincent Trocheck Tomas Tatar Mark Mancari 60 1 2 2
2 Jonathan Marchessault Daniel Carr Luke Witkowski 40 1 2 2
PowerPlay Defense
Defense Defense Time % Phy DF OF
1 Stefan Elliott Jarred Tinordi 60 1 2 2
2 Steven Kampfer Joel Edmundson 40 1 2 2
Penalty Kill 4 Players Forward
Center Wing Time % Phy DF OF
1 Mark Mancari Luke Witkowski 60 1 2 2
2 Tomas Tatar Vincent Trocheck 40 1 2 2
Penalty Kill 4 Players Defense
Defense Defense Time % Phy DF OF
1 Stefan Elliott Jarred Tinordi 60 1 2 2
2 Steven Kampfer Joel Edmundson 40 1 2 2
Penalty Kill - 3 Players Forward
Forward Time % Phy DF OF
1 Mark Mancari 60 1 2 2
2 Luke Witkowski 40 1 2 2
Penalty Kill - 3 Players Defense
Defense Defense Time % Phy DF OF
1 Stefan Elliott Jarred Tinordi 60 1 2 2
2 Steven Kampfer Joel Edmundson 40 1 2 2
4 vs 4 Forward
Center Wing Time % Phy DF OF
1 Mark Mancari Luke Witkowski 60 1 2 2
2 Tomas Tatar Vincent Trocheck 40 1 2 2
4 vs 4 Defense
Defense Defense Time % Phy DF OF
1 Stefan Elliott Jarred Tinordi 60 1 2 2
2 Steven Kampfer Joel Edmundson 40 1 2 2
Last Minutes Offensive
Center Left Wing Right Wing Defense Defense
Vincent Trocheck Tomas Tatar Mark Mancari Stefan Elliott Jarred Tinordi
Last Minutes Defensive
Center Left Wing Right Wing Defense Defense
Vincent Trocheck Tomas Tatar Mark Mancari Stefan Elliott Jarred Tinordi
Goaltenders
Starting : Marek Mazanek
Backup : Darcy Kuemper
Extra Forwards
Normal : Erik Condra, Dmitrij Jaskin, Nick Cousins - PP : Erik Condra, Dmitrij Jaskin - PK : Nick Cousins
Extra Defensemen
Normal : Jonathan Racine, John Ramage, Ryan Murphy - PP : Jonathan Racine - PK : John Ramage, Ryan Murphy
Penalty Shots
Mark Mancari, Luke Witkowski, Tomas Tatar, Vincent Trocheck, Erik Condra
Scratches
Dominik Kubalik (Healthy), Chris Calhan (Healthy), Mark Friedman (Healthy), Sergei Kostenko (Healthy), Antoine Bibeau (Healthy)
% Time on Ice - Carnivores
Lines # - Real PCT - Wanted PCT - Time Play
Normal Forward
1 - 37% - 40% - 17:29
2 - 25% - 30% - 11:52
3 - 24% - 20% - 11:14
4 - 13% - 10% - 6:04
Normal Defense
1 - 40% - 40% - 18:36
2 - 32% - 30% - 15:05
3 - 18% - 20% - 8:24
4 - 10% - 10% - 4:34
PP Forward
1 - 100% - 60% - 0:01
2 - 0% - 40% - 0:00
PP Defense
1 - 100% - 60% - 0:01
2 - 0% - 40% - 0:00
PK Forward
1 - 68% - 60% - 8:39
2 - 32% - 40% - 4:06
PK Defense
1 - 61% - 60% - 7:50
2 - 39% - 40% - 4:55
PK3 Forward
1 - 0% - 60%
2 - 0% - 40%
PK3 Defense
1 - 0% - 60%
2 - 0% - 40%
44 Forward
1 - 0% - 60%
2 - 0% - 40%
44 Defense
1 - 0% - 60%
2 - 0% - 40%
Last Minute Offensive - 0:35
Last Minute Defensive - 0:00
Total
Forward - 60:00
Defense - 60:00
|
% Time on Ice - Sewer Rats
Lines # - Real PCT - Wanted PCT - Time Play
Normal Forward
1 - 35% - 40% - 16:33
2 - 27% - 30% - 12:39
3 - 21% - 20% - 9:55
4 - 16% - 10% - 7:32
Normal Defense
1 - 41% - 40% - 19:21
2 - 29% - 30% - 13:31
3 - 21% - 20% - 9:37
4 - 9% - 10% - 4:10
PP Forward
1 - 52% - 60% - 6:34
2 - 48% - 40% - 6:11
PP Defense
1 - 58% - 60% - 7:21
2 - 42% - 40% - 5:24
PK Forward
1 - 100% - 60% - 0:01
2 - 0% - 40% - 0:00
PK Defense
1 - 100% - 60% - 0:01
2 - 0% - 40% - 0:00
PK3 Forward
1 - 0% - 60%
2 - 0% - 40%
PK3 Defense
1 - 0% - 60%
2 - 0% - 40%
44 Forward
1 - 0% - 60%
2 - 0% - 40%
44 Defense
1 - 0% - 60%
2 - 0% - 40%
Last Minute Offensive - 0:00
Last Minute Defensive - 0:35
Total
Forward - 60:00
Defense - 60:00
|
Play-by-Play
1st period
0:01 of 1st period - Vincent Trocheck wins face-off versus Anton Gustafsson in neutral zone.
0:04 of 1st period - Slapshot by Tomas Tatar.
0:04 of 1st period - Shot Misses the Net.
0:06 of 1st period - Slapshot by Stefan Elliott.
0:06 of 1st period - Deflect By Vincent Trocheck.
0:06 of 1st period - Shot Misses the Net.
0:06 of 1st period - Puck is out of play.
0:07 of 1st period - Vincent Trocheck wins face-off versus Mark McNeill in Carnivores zone.
0:21 of 1st period - Off-side.
0:22 of 1st period - Scott Laughton wins face-off versus Jonathan Marchessault in neutral zone.
0:36 of 1st period - Snap shot by Chris Lawrence.
0:36 of 1st period - Stopped by Marek Mazanek without a rebound.
0:37 of 1st period - Markus Granlund wins face-off versus Nick Cousins in Sewer Rats zone.
1:50 of 1st period - Snap shot by Scott Laughton.
1:50 of 1st period - Stopped by Marek Mazanek without a rebound.
1:51 of 1st period - Jonathan Marchessault wins face-off versus Scott Laughton in Sewer Rats zone.
1:58 of 1st period - Snap shot by Nicolas Kerdiles.
1:58 of 1st period - Stopped by Marek Mazanek without a rebound.
1:59 of 1st period - Scott Laughton wins face-off versus Jonathan Marchessault in Sewer Rats zone.
2:04 of 1st period - Wrist shot by Scott Laughton.
2:04 of 1st period - Goal by Scott Laughton - Carnivores : 1 - Sewer Rats : 0.
2:05 of 1st period - Anton Gustafsson wins face-off versus Vincent Trocheck in neutral zone.
3:11 of 1st period - Barret Jackman is hit by Joel Edmundson.
4:26 of 1st period - Chris Lawrence is hit by Luke Witkowski and loses puck.
4:48 of 1st period - Slapshot by T.J Brodie.
4:48 of 1st period - Deflect By Riley Barber.
4:48 of 1st period - Shot Blocked by Tomas Tatar.
4:48 of 1st period - Puck is out of play.
4:49 of 1st period - Nick Cousins wins face-off versus Anton Gustafsson in Sewer Rats zone.
5:14 of 1st period - Nicolas Kerdiles is hit by Mark Mancari and loses puck.
5:42 of 1st period - Icing by Ryan Murphy.
5:43 of 1st period - Anton Gustafsson wins face-off versus Jonathan Marchessault in Sewer Rats zone.
5:52 of 1st period - Wrist shot by Anton Gustafsson.
5:52 of 1st period - Deflect By Blake Geoffrion.
5:52 of 1st period - Stopped by Marek Mazanek without a rebound.
5:53 of 1st period - Blake Geoffrion wins face-off versus Vincent Trocheck in Sewer Rats zone.
6:03 of 1st period - Snap shot by Stefan Elliott.
6:03 of 1st period - Stopped by Niklas Svedberg with a rebound.
6:05 of 1st period - Snap shot by Vincent Trocheck.
6:05 of 1st period - Shot Blocked by Josh Morrissey.
6:07 of 1st period - Slapshot by Stefan Elliott.
6:07 of 1st period - Deflect By Mark McNeill.
6:07 of 1st period - Stopped by Niklas Svedberg with a rebound.
6:09 of 1st period - Snap shot by Vincent Trocheck.
6:09 of 1st period - Deflect By Mark Mancari.
6:09 of 1st period - Shot Misses the Net.
6:09 of 1st period - Puck is out of play.
6:10 of 1st period - Scott Laughton wins face-off versus Jonathan Marchessault in Carnivores zone.
6:16 of 1st period - Minor Penalty to Nicolas Kerdiles for Tripping.
6:17 of 1st period - Anton Gustafsson wins face-off versus Vincent Trocheck in Carnivores zone.
6:51 of 1st period - Wrist shot by Jonathan Marchessault.
6:51 of 1st period - Shot Blocked by Barret Jackman.
6:53 of 1st period - Snap shot by Luke Witkowski.
6:53 of 1st period - Goal by Luke Witkowski - Carnivores : 1 - Sewer Rats : 1.
6:54 of 1st period - Vincent Trocheck wins face-off versus Chris Lawrence in neutral zone.
8:04 of 1st period - Slapshot by Anthony Duclair.
8:04 of 1st period - Shot Misses the Net.
8:22 of 1st period - Snap shot by Scott Laughton.
8:22 of 1st period - Stopped by Marek Mazanek with a rebound.
8:24 of 1st period - Snap shot by Nicolas Kerdiles.
8:24 of 1st period - Stopped by Marek Mazanek with a rebound.
8:26 of 1st period - Wrist shot by Chris Lawrence.
8:26 of 1st period - Shot Misses the Net.
8:28 of 1st period - Snap shot by Nicolas Kerdiles.
8:28 of 1st period - Shot Blocked by Tomas Tatar.
9:04 of 1st period - Wrist shot by Erik Condra.
9:04 of 1st period - Stopped by Niklas Svedberg without a rebound.
9:05 of 1st period - Nick Cousins wins face-off versus Markus Granlund in Carnivores zone.
9:41 of 1st period - Snap shot by Mark Mancari.
9:41 of 1st period - Shot Misses the Net.
10:01 of 1st period - Snap shot by Anthony Duclair.
10:01 of 1st period - Shot Misses the Net.
10:03 of 1st period - Slapshot by Connor Carrick.
10:03 of 1st period - Deflect By Dmitrij Jaskin.
10:03 of 1st period - Stopped by Niklas Svedberg without a rebound.
10:04 of 1st period - Vincent Trocheck wins face-off versus Markus Granlund in Carnivores zone.
10:38 of 1st period - Slapshot by Blake Geoffrion.
10:38 of 1st period - Shot Misses the Net.
11:16 of 1st period - Wrist shot by Dmitrij Jaskin.
11:16 of 1st period - Stopped by Niklas Svedberg with a rebound.
11:26 of 1st period - Anthony Duclair is hit by Nicolas Kerdiles and loses puck.
11:51 of 1st period - Snap shot by Chris Lawrence.
11:51 of 1st period - Stopped by Marek Mazanek without a rebound.
11:52 of 1st period - Vincent Trocheck wins face-off versus Anton Gustafsson in Sewer Rats zone.
12:19 of 1st period - Josh Morrissey is hit by Luke Witkowski and loses puck.
12:50 of 1st period - Snap shot by Luke Witkowski.
12:50 of 1st period - Shot Misses the Net.
12:52 of 1st period - Slapshot by Daniel Carr.
12:52 of 1st period - Stopped by Niklas Svedberg without a rebound.
12:53 of 1st period - Vincent Trocheck wins face-off versus Anton Gustafsson in Carnivores zone.
13:01 of 1st period - Off-side.
13:02 of 1st period - Vincent Trocheck wins face-off versus Anton Gustafsson in neutral zone.
13:12 of 1st period - Mark Mancari is hit by Blake Geoffrion and loses puck.
13:26 of 1st period - Vincent Trocheck is hit by Blake Geoffrion and loses puck.
13:40 of 1st period - Minor Penalty to Josh Morrissey for Unsportsmanlike conduct.
13:41 of 1st period - Jonathan Marchessault wins face-off versus Anton Gustafsson in Carnivores zone.
13:43 of 1st period - Snap shot by Jonathan Marchessault.
13:43 of 1st period - Deflect By Luke Witkowski.
13:43 of 1st period - Stopped by Niklas Svedberg with a rebound.
13:45 of 1st period - Wrist shot by Luke Witkowski.
13:45 of 1st period - Stopped by Niklas Svedberg without a rebound.
13:46 of 1st period - Anton Gustafsson wins face-off versus Jonathan Marchessault in Carnivores zone.
15:40 of 1st period - Penalty to Josh Morrissey is over, Josh Morrissey is back on ice.
15:47 of 1st period - Snap shot by Dmitrij Jaskin.
15:47 of 1st period - Shot Blocked by Christian Djoos.
15:55 of 1st period - Snap shot by Anton Gustafsson.
15:55 of 1st period - Stopped by Marek Mazanek without a rebound.
15:56 of 1st period - Markus Granlund wins face-off versus Nick Cousins in Sewer Rats zone.
16:05 of 1st period - Wrist shot by Markus Granlund.
16:05 of 1st period - Stopped by Marek Mazanek without a rebound.
16:06 of 1st period - Markus Granlund wins face-off versus Nick Cousins in Sewer Rats zone.
16:13 of 1st period - Slapshot by Nick Cousins.
16:13 of 1st period - Shot Blocked by Josh Morrissey.
16:15 of 1st period - Slapshot by John Ramage.
16:15 of 1st period - Shot Misses the Net.
16:17 of 1st period - Wrist shot by Erik Condra.
16:17 of 1st period - Shot Misses the Net.
16:19 of 1st period - Slapshot by Ryan Murphy.
16:19 of 1st period - Shot Misses the Net.
16:21 of 1st period - Backhand shot by Joseph Blandisi.
16:21 of 1st period - Shot Blocked by Josh Morrissey.
16:23 of 1st period - Backhand shot by Erik Condra.
16:23 of 1st period - Goal by Erik Condra - Carnivores : 1 - Sewer Rats : 2.
16:24 of 1st period - Anton Gustafsson wins face-off versus Vincent Trocheck in neutral zone.
16:26 of 1st period - Minor Penalty to Mark McNeill for Unsportsmanlike conduct.
16:27 of 1st period - Vincent Trocheck wins face-off versus Anton Gustafsson in Carnivores zone.
16:37 of 1st period - Snap shot by Tomas Tatar.
16:37 of 1st period - Shot Blocked by Barret Jackman.
16:39 of 1st period - Snap shot by Vincent Trocheck.
16:39 of 1st period - Shot Misses the Net.
18:06 of 1st period - Nicolas Kerdiles is hit by Luke Witkowski and loses puck.
18:26 of 1st period - Penalty to Mark McNeill is over, Mark McNeill is back on ice.
19:27 of 1st period - Slapshot by Hunter Shinkaruk.
19:27 of 1st period - Shot Misses the Net.
Goals for this period are 1 for Carnivores vs 2 for Sewer Rats.
Shots for this period are 10 for Carnivores vs 10 for Sewer Rats.
2nd period
0:01 of 2nd period - Anton Gustafsson wins face-off versus Vincent Trocheck in neutral zone.
0:16 of 2nd period - Snap shot by Tomas Tatar.
0:16 of 2nd period - Shot Misses the Net.
0:32 of 2nd period - Snap shot by Jonathan Marchessault.
0:32 of 2nd period - Stopped by Niklas Svedberg without a rebound.
0:33 of 2nd period - Jonathan Marchessault wins face-off versus Nicolas Kerdiles in Carnivores zone.
1:07 of 2nd period - Steven Kampfer is hit by Anton Gustafsson and loses puck.
1:25 of 2nd period - Nick Cousins is hit by Oskar Lindblom and loses puck.
1:58 of 2nd period - Barret Jackman is hit by Luke Witkowski and loses puck.
2:17 of 2nd period - Wrist shot by Chris Lawrence.
2:17 of 2nd period - Shot Blocked by Stefan Elliott.
2:52 of 2nd period - Slapshot by Nick Cousins.
2:52 of 2nd period - Stopped by Niklas Svedberg with a rebound.
3:00 of 2nd period - Snap shot by Nick Cousins.
3:00 of 2nd period - Stopped by Niklas Svedberg with a rebound.
3:16 of 2nd period - Snap shot by Luke Witkowski.
3:16 of 2nd period - Shot Misses the Net.
3:21 of 2nd period - Off-side.
3:22 of 2nd period - Anton Gustafsson wins face-off versus Vincent Trocheck in neutral zone.
4:12 of 2nd period - Barret Jackman is hit by Nick Cousins.
4:45 of 2nd period - Connor Carrick is hit by Anton Gustafsson and loses puck.
5:16 of 2nd period - Minor Penalty to Trevor Van Riemsdyk for Tripping.
5:17 of 2nd period - Anton Gustafsson wins face-off versus Vincent Trocheck in Carnivores zone.
7:12 of 2nd period - Snap shot by Erik Condra.
7:12 of 2nd period - Shot Misses the Net.
7:14 of 2nd period - Snap shot by Joel Edmundson.
7:14 of 2nd period - Deflect By Erik Condra.
7:14 of 2nd period - Stopped by Niklas Svedberg with a rebound.
7:16 of 2nd period - Penalty to Trevor Van Riemsdyk is over, Trevor Van Riemsdyk is back on ice.
7:16 of 2nd period - Slapshot by Stefan Elliott.
7:16 of 2nd period - Stopped by Niklas Svedberg with a rebound.
7:45 of 2nd period - Icing by Barret Jackman.
7:46 of 2nd period - Anton Gustafsson wins face-off versus Tyler Motte in Carnivores zone.
7:50 of 2nd period - Off-side.
7:51 of 2nd period - Tyler Motte wins face-off versus Anton Gustafsson in neutral zone.
7:54 of 2nd period - Snap shot by Anthony Duclair.
7:54 of 2nd period - Shot Misses the Net.
8:04 of 2nd period - Backhand shot by Stefan Elliott.
8:04 of 2nd period - Shot Misses the Net.
8:22 of 2nd period - Wrist shot by Anton Gustafsson.
8:22 of 2nd period - Shot Hit the Post.
9:33 of 2nd period - Slapshot by Dmitrij Jaskin.
9:33 of 2nd period - Deflect By Anthony Duclair.
9:33 of 2nd period - Shot Misses the Net.
9:33 of 2nd period - Puck is out of play.
9:34 of 2nd period - Vincent Trocheck wins face-off versus Scott Laughton in Carnivores zone.
9:35 of 2nd period - Slapshot by Tomas Tatar.
9:35 of 2nd period - Shot Misses the Net.
9:37 of 2nd period - Wrist shot by Vincent Trocheck.
9:37 of 2nd period - Stopped by Niklas Svedberg without a rebound.
9:38 of 2nd period - Vincent Trocheck wins face-off versus Scott Laughton in Carnivores zone.
9:43 of 2nd period - Wrist shot by Mark Mancari.
9:43 of 2nd period - Deflect By Tomas Tatar.
9:43 of 2nd period - Stopped by Niklas Svedberg with a rebound.
9:45 of 2nd period - Slapshot by Vincent Trocheck.
9:45 of 2nd period - Shot Misses the Net.
9:47 of 2nd period - Wrist shot by Vincent Trocheck.
9:47 of 2nd period - Shot Misses the Net.
9:49 of 2nd period - Slapshot by Steven Kampfer.
9:49 of 2nd period - Deflect By Mark Mancari.
9:49 of 2nd period - Stopped by Niklas Svedberg with a rebound.
9:51 of 2nd period - Backhand shot by Joel Edmundson.
9:51 of 2nd period - Shot Blocked by Barret Jackman.
9:53 of 2nd period - Wrist shot by Tomas Tatar.
9:53 of 2nd period - Stopped by Niklas Svedberg with a rebound.
9:59 of 2nd period - Minor Penalty to Nicolas Kerdiles for Tripping.
10:00 of 2nd period - Vincent Trocheck wins face-off versus Scott Laughton in Carnivores zone.
10:01 of 2nd period - Snap shot by Tomas Tatar.
10:01 of 2nd period - Shot Blocked by Barret Jackman.
10:03 of 2nd period - Slapshot by Steven Kampfer.
10:03 of 2nd period - Shot Misses the Net.
10:05 of 2nd period - Slapshot by Joel Edmundson.
10:05 of 2nd period - Deflect By Tomas Tatar.
10:05 of 2nd period - Shot Misses the Net.
10:05 of 2nd period - Puck is out of play.
10:06 of 2nd period - Scott Laughton wins face-off versus Vincent Trocheck in Carnivores zone.
10:21 of 2nd period - Snap shot by Tomas Tatar.
10:21 of 2nd period - Deflect By Vincent Trocheck.
10:21 of 2nd period - Stopped by Niklas Svedberg with a rebound.
10:39 of 2nd period - Scott Laughton is hit by Luke Witkowski and loses puck.
11:59 of 2nd period - Penalty to Nicolas Kerdiles is over, Nicolas Kerdiles is back on ice.
12:26 of 2nd period - Minor Penalty to Scott Laughton for Tripping.
12:27 of 2nd period - Anton Gustafsson wins face-off versus Luke Witkowski in Carnivores zone.
12:40 of 2nd period - Snap shot by Jonathan Marchessault.
12:40 of 2nd period - Goal by Jonathan Marchessault - Carnivores : 1 - Sewer Rats : 3.
12:41 of 2nd period - Anton Gustafsson wins face-off versus Vincent Trocheck in neutral zone.
12:46 of 2nd period - Slapshot by Josh Morrissey.
12:46 of 2nd period - Shot Blocked by Stefan Elliott.
13:06 of 2nd period - Jarred Tinordi is hit by Nicolas Kerdiles and loses puck.
13:15 of 2nd period - Daniel Carr is hit by Chris Lawrence and loses puck.
13:50 of 2nd period - Snap shot by Riley Barber.
13:50 of 2nd period - Shot Misses the Net.
14:16 of 2nd period - Slapshot by Anton Gustafsson.
14:16 of 2nd period - Shot Misses the Net.
14:18 of 2nd period - Wrist shot by Anton Gustafsson.
14:18 of 2nd period - Stopped by Marek Mazanek with a rebound.
14:27 of 2nd period - Off-side.
14:28 of 2nd period - Scott Laughton wins face-off versus Jonathan Marchessault in neutral zone.
14:39 of 2nd period - Snap shot by Chris Lawrence.
14:39 of 2nd period - Shot Misses the Net.
14:43 of 2nd period - Snap shot by Chris Lawrence.
14:43 of 2nd period - Shot Blocked by Ryan Murphy.
14:55 of 2nd period - Icing by Daniel Carr.
14:56 of 2nd period - Jonathan Marchessault wins face-off versus Markus Granlund in Sewer Rats zone.
15:05 of 2nd period - Slapshot by Daniel Carr.
15:05 of 2nd period - Stopped by Niklas Svedberg with a rebound.
15:17 of 2nd period - John Ramage is hit by Mat Clark and loses puck.
15:34 of 2nd period - Snap shot by Jonathan Marchessault.
15:34 of 2nd period - Stopped by Niklas Svedberg without a rebound.
15:35 of 2nd period - Mark McNeill wins face-off versus Tomas Tatar in Carnivores zone.
15:43 of 2nd period - Icing by Jarred Tinordi.
15:44 of 2nd period - Vincent Trocheck wins face-off versus Anton Gustafsson in Sewer Rats zone.
16:32 of 2nd period - Backhand shot by Anton Gustafsson.
16:32 of 2nd period - Stopped by Marek Mazanek with a rebound.
17:06 of 2nd period - Wrist shot by Tomas Tatar.
17:06 of 2nd period - Shot Blocked by Josh Morrissey.
17:08 of 2nd period - Snap shot by Tomas Tatar.
17:08 of 2nd period - Deflect By Vincent Trocheck.
17:08 of 2nd period - Shot Misses the Net.
17:08 of 2nd period - Puck is out of play.
17:09 of 2nd period - Scott Laughton wins face-off versus Jonathan Marchessault in Carnivores zone.
17:11 of 2nd period - Nicolas Kerdiles is hit by Luke Witkowski and loses puck.
17:25 of 2nd period - Minor Penalty to Chris Lawrence for Interference.
17:26 of 2nd period - Jonathan Marchessault wins face-off versus Markus Granlund in Carnivores zone.
19:25 of 2nd period - Penalty to Chris Lawrence is over, Chris Lawrence is back on ice.
19:48 of 2nd period - Chris Lawrence is hit by Nick Cousins and loses puck.
19:53 of 2nd period - Snap shot by Nick Cousins.
19:53 of 2nd period - Stopped by Niklas Svedberg with a rebound.
19:55 of 2nd period - Slapshot by Xavier Ouellet.
19:55 of 2nd period - Shot Blocked by Barret Jackman.
Goals for this period are 0 for Carnivores vs 1 for Sewer Rats.
Shots for this period are 2 for Carnivores vs 14 for Sewer Rats.
3rd period
0:01 of 3rd period - Vincent Trocheck wins face-off versus Scott Laughton in neutral zone.
1:40 of 3rd period - Slapshot by Tomas Tatar.
1:40 of 3rd period - Shot Misses the Net.
1:44 of 3rd period - Slapshot by Mark Mancari.
1:44 of 3rd period - Shot Blocked by Markus Granlund.
2:01 of 3rd period - Luke Witkowski is hit by Chris Lawrence and loses puck.
2:16 of 3rd period - Snap shot by Hunter Shinkaruk.
2:16 of 3rd period - Shot Misses the Net.
2:39 of 3rd period - Icing by Ryan Murphy.
2:40 of 3rd period - Anton Gustafsson wins face-off versus Nick Cousins in Sewer Rats zone.
2:45 of 3rd period - Snap shot by Anton Gustafsson.
2:45 of 3rd period - Shot Misses the Net.
3:00 of 3rd period - Snap shot by T.J Brodie.
3:00 of 3rd period - Stopped by Marek Mazanek without a rebound.
3:01 of 3rd period - Scott Laughton wins face-off versus Vincent Trocheck in Sewer Rats zone.
3:02 of 3rd period - Snap shot by Chris Lawrence.
3:02 of 3rd period - Stopped by Marek Mazanek without a rebound.
3:03 of 3rd period - Scott Laughton wins face-off versus Mark Mancari in Sewer Rats zone.
3:16 of 3rd period - Snap shot by Mark Mancari.
3:16 of 3rd period - Shot Misses the Net.
3:18 of 3rd period - Wrist shot by Jarred Tinordi.
3:18 of 3rd period - Shot Misses the Net.
3:37 of 3rd period - Wrist shot by Mark McNeill.
3:37 of 3rd period - Shot Misses the Net.
3:39 of 3rd period - Snap shot by Mark McNeill.
3:39 of 3rd period - Stopped by Marek Mazanek without a rebound.
3:40 of 3rd period - Vincent Trocheck wins face-off versus Markus Granlund in Sewer Rats zone.
4:02 of 3rd period - Mat Clark is hit by Tomas Tatar and loses puck.
4:09 of 3rd period - Wrist shot by T.J Brodie.
4:09 of 3rd period - Shot Misses the Net.
4:11 of 3rd period - Snap shot by Mat Clark.
4:11 of 3rd period - Shot Blocked by Joel Edmundson.
4:13 of 3rd period - Snap shot by Brett Connolly.
4:13 of 3rd period - Stopped by Marek Mazanek without a rebound.
4:14 of 3rd period - Scott Laughton wins face-off versus Jonathan Marchessault in Sewer Rats zone.
4:15 of 3rd period - Wrist shot by Chris Lawrence.
4:15 of 3rd period - Shot Misses the Net.
4:44 of 3rd period - Wrist shot by Anton Gustafsson.
4:44 of 3rd period - Stopped by Marek Mazanek with a rebound.
4:46 of 3rd period - Snap shot by Barret Jackman.
4:46 of 3rd period - Deflect By Blake Geoffrion.
4:46 of 3rd period - Goal by Blake Geoffrion - Carnivores : 2 - Sewer Rats : 3.
4:47 of 3rd period - Vincent Trocheck wins face-off versus Anton Gustafsson in neutral zone.
5:10 of 3rd period - Icing by Anton Gustafsson.
5:11 of 3rd period - Jonathan Marchessault wins face-off versus Anton Gustafsson in Carnivores zone.
5:33 of 3rd period - Icing by Barret Jackman.
5:34 of 3rd period - Scott Laughton wins face-off versus Vincent Trocheck in Carnivores zone.
5:59 of 3rd period - Mat Clark is hit by Jonathan Marchessault and loses puck.
6:00 of 3rd period - Mat Clark from Carnivores is injured at 6:00 of 3rd period (Chest/Ribs).
6:01 of 3rd period - Scott Laughton wins face-off versus Vincent Trocheck in Carnivores zone.
6:01 of 3rd period - Scott Laughton is hit by Mark Mancari.
6:11 of 3rd period - Josh Morrissey is hit by Stefan Elliott and loses puck.
6:50 of 3rd period - Snap shot by Hunter Shinkaruk.
6:50 of 3rd period - Shot Misses the Net.
6:52 of 3rd period - Wrist shot by Hunter Shinkaruk.
6:52 of 3rd period - Shot Misses the Net.
6:54 of 3rd period - Slapshot by Adam Almquist.
6:54 of 3rd period - Stopped by Marek Mazanek with a rebound.
6:56 of 3rd period - Snap shot by Riley Barber.
6:56 of 3rd period - Shot Blocked by Luke Witkowski.
6:58 of 3rd period - Wrist shot by Hunter Shinkaruk.
6:58 of 3rd period - Stopped by Marek Mazanek with a rebound.
7:50 of 3rd period - Icing by Joel Edmundson.
7:51 of 3rd period - Vincent Trocheck wins face-off versus Anton Gustafsson in Sewer Rats zone.
7:51 of 3rd period - Vincent Trocheck is hit by Anton Gustafsson.
7:57 of 3rd period - Backhand shot by Tomas Tatar.
7:57 of 3rd period - Stopped by Niklas Svedberg with a rebound.
7:59 of 3rd period - Wrist shot by Mark Mancari.
7:59 of 3rd period - Shot Misses the Net.
8:01 of 3rd period - Snap shot by Joel Edmundson.
8:01 of 3rd period - Stopped by Niklas Svedberg with a rebound.
8:03 of 3rd period - Snap shot by Vincent Trocheck.
8:03 of 3rd period - Stopped by Niklas Svedberg without a rebound.
8:04 of 3rd period - Vincent Trocheck wins face-off versus Anton Gustafsson in Carnivores zone.
8:10 of 3rd period - Minor Penalty to Josh Morrissey for Unsportsmanlike conduct.
8:11 of 3rd period - Anton Gustafsson wins face-off versus Vincent Trocheck in Carnivores zone.
8:47 of 3rd period - Snap shot by Chris Lawrence.
8:47 of 3rd period - Shot Hit the Post.
8:49 of 3rd period - Snap shot by Chris Lawrence.
8:49 of 3rd period - Shot Blocked by Jonathan Marchessault.
8:51 of 3rd period - Slapshot by Christian Djoos.
8:51 of 3rd period - Deflect By Chris Lawrence.
8:51 of 3rd period - Shot Blocked by Jonathan Marchessault.
8:51 of 3rd period - Puck is out of play.
8:52 of 3rd period - Anton Gustafsson wins face-off versus Vincent Trocheck in Sewer Rats zone.
9:06 of 3rd period - Off-side.
9:07 of 3rd period - Jonathan Marchessault wins face-off versus Anton Gustafsson in neutral zone.
10:10 of 3rd period - Penalty to Josh Morrissey is over, Josh Morrissey is back on ice.
10:24 of 3rd period - Snap shot by Lucas Wallmark.
10:24 of 3rd period - Stopped by Marek Mazanek with a rebound.
10:48 of 3rd period - Slapshot by Anthony Duclair.
10:48 of 3rd period - Stopped by Niklas Svedberg with a rebound.
10:50 of 3rd period - Snap shot by Tyler Motte.
10:50 of 3rd period - Shot Misses the Net.
10:52 of 3rd period - Wrist shot by Tyler Motte.
10:52 of 3rd period - Shot Misses the Net.
11:48 of 3rd period - Anthony Duclair is hit by Oskar Lindblom.
11:52 of 3rd period - Snap shot by Stefan Elliott.
11:52 of 3rd period - Shot Misses the Net.
12:10 of 3rd period - Wrist shot by Tomas Tatar.
12:10 of 3rd period - Stopped by Niklas Svedberg without a rebound.
12:11 of 3rd period - Lucas Wallmark wins face-off versus Tomas Tatar in Carnivores zone.
12:24 of 3rd period - Snap shot by Riley Barber.
12:24 of 3rd period - Deflect By Hunter Shinkaruk.
12:24 of 3rd period - Stopped by Marek Mazanek with a rebound.
12:26 of 3rd period - Snap shot by Christian Djoos.
12:26 of 3rd period - Stopped by Marek Mazanek without a rebound.
12:27 of 3rd period - Jonathan Marchessault wins face-off versus Anton Gustafsson in Sewer Rats zone.
12:27 of 3rd period - Jonathan Marchessault is hit by Anton Gustafsson.
12:52 of 3rd period - Nicolas Kerdiles is hit by Joel Edmundson and loses puck.
13:01 of 3rd period - Wrist shot by Scott Laughton.
13:01 of 3rd period - Shot Blocked by Joel Edmundson.
13:11 of 3rd period - Markus Granlund is hit by Joseph Blandisi and loses puck.
13:35 of 3rd period - Snap shot by Blake Geoffrion.
13:35 of 3rd period - Stopped by Marek Mazanek with a rebound.
13:43 of 3rd period - Blake Geoffrion is hit by Nick Cousins and loses puck.
13:52 of 3rd period - Snap shot by Nick Cousins.
13:52 of 3rd period - Shot Misses the Net.
13:54 of 3rd period - Snap shot by Joseph Blandisi.
13:54 of 3rd period - Shot Misses the Net.
13:56 of 3rd period - Slapshot by John Ramage.
13:56 of 3rd period - Shot Blocked by Mark McNeill.
13:58 of 3rd period - Snap shot by Erik Condra.
13:58 of 3rd period - Shot Blocked by Mark McNeill.
14:00 of 3rd period - Slapshot by John Ramage.
14:00 of 3rd period - Stopped by Niklas Svedberg with a rebound.
14:02 of 3rd period - Slapshot by Joseph Blandisi.
14:02 of 3rd period - Stopped by Niklas Svedberg with a rebound.
14:04 of 3rd period - Snap shot by Nick Cousins.
14:04 of 3rd period - Shot Blocked by T.J Brodie.
14:04 of 3rd period - T.J Brodie from Carnivores is injured at 14:04 of 3rd period (Concussion).
14:05 of 3rd period - Scott Laughton wins face-off versus Vincent Trocheck in Carnivores zone.
14:33 of 3rd period - Snap shot by Brett Connolly.
14:33 of 3rd period - Stopped by Marek Mazanek with a rebound.
14:35 of 3rd period - Slapshot by Christian Djoos.
14:35 of 3rd period - Stopped by Marek Mazanek without a rebound.
14:36 of 3rd period - Markus Granlund wins face-off versus Jonathan Marchessault in Sewer Rats zone.
14:45 of 3rd period - Snap shot by Jonathan Marchessault.
14:45 of 3rd period - Shot Misses the Net.
14:47 of 3rd period - Snap shot by Daniel Carr.
14:47 of 3rd period - Deflect By Luke Witkowski.
14:47 of 3rd period - Stopped by Niklas Svedberg without a rebound.
14:48 of 3rd period - Mark McNeill wins face-off versus Mark Mancari in Carnivores zone.
14:59 of 3rd period - Snap shot by Vincent Trocheck.
14:59 of 3rd period - Shot Misses the Net.
15:01 of 3rd period - Wrist shot by Jarred Tinordi.
15:01 of 3rd period - Shot Misses the Net.
15:03 of 3rd period - Snap shot by Mark Mancari.
15:03 of 3rd period - Shot Misses the Net.
15:26 of 3rd period - Erik Condra is hit by Brett Connolly and loses puck.
16:00 of 3rd period - Snap shot by Luke Witkowski.
16:00 of 3rd period - Stopped by Niklas Svedberg without a rebound.
16:01 of 3rd period - Vincent Trocheck wins face-off versus Scott Laughton in Carnivores zone.
16:23 of 3rd period - Icing by Josh Morrissey.
16:24 of 3rd period - Markus Granlund wins face-off versus Nick Cousins in Carnivores zone.
16:35 of 3rd period - Snap shot by Brett Connolly.
16:35 of 3rd period - Shot Misses the Net.
16:37 of 3rd period - Snap shot by Markus Granlund.
16:37 of 3rd period - Shot Blocked by Steven Kampfer.
16:39 of 3rd period - Wrist shot by Markus Granlund.
16:39 of 3rd period - Shot Misses the Net.
17:16 of 3rd period - Wrist shot by Hunter Shinkaruk.
17:16 of 3rd period - Shot Misses the Net.
17:18 of 3rd period - Wrist shot by Lucas Wallmark.
17:18 of 3rd period - Stopped by Marek Mazanek with a rebound.
17:55 of 3rd period - Wrist shot by Brett Connolly.
17:55 of 3rd period - Goal by Brett Connolly - Carnivores : 3 - Sewer Rats : 3.
17:56 of 3rd period - Nick Cousins wins face-off versus Markus Granlund in neutral zone.
18:00 of 3rd period - Wrist shot by Erik Condra.
18:00 of 3rd period - Stopped by Niklas Svedberg with a rebound.
18:06 of 3rd period - Snap shot by Nick Cousins.
18:06 of 3rd period - Shot Misses the Net.
18:43 of 3rd period - Snap shot by Luke Witkowski.
18:43 of 3rd period - Stopped by Niklas Svedberg without a rebound.
18:44 of 3rd period - Jonathan Marchessault wins face-off versus Anton Gustafsson in Carnivores zone.
18:57 of 3rd period - Snap shot by Jonathan Marchessault.
18:57 of 3rd period - Shot Blocked by Mark McNeill.
19:07 of 3rd period - Snap shot by Luke Witkowski.
19:07 of 3rd period - Shot Blocked by Christian Djoos.
19:09 of 3rd period - Slapshot by Daniel Carr.
19:09 of 3rd period - Stopped by Niklas Svedberg with a rebound.
19:11 of 3rd period - Snap shot by Joel Edmundson.
19:11 of 3rd period - Shot Misses the Net.
19:13 of 3rd period - Slapshot by Daniel Carr.
19:13 of 3rd period - Shot Blocked by Christian Djoos.
19:15 of 3rd period - Slapshot by Steven Kampfer.
19:15 of 3rd period - Stopped by Niklas Svedberg with a rebound.
19:17 of 3rd period - Snap shot by Jonathan Marchessault.
19:17 of 3rd period - Shot Misses the Net.
19:19 of 3rd period - Snap shot by Jonathan Marchessault.
19:19 of 3rd period - Shot Misses the Net.
19:21 of 3rd period - Slapshot by Joel Edmundson.
19:21 of 3rd period - Stopped by Niklas Svedberg with a rebound.
19:23 of 3rd period - Snap shot by Jonathan Marchessault.
19:23 of 3rd period - Deflect By Daniel Carr.
19:23 of 3rd period - Goal by Daniel Carr - Carnivores : 3 - Sewer Rats : 4.
19:24 of 3rd period - Vincent Trocheck wins face-off versus Anton Gustafsson in neutral zone.
19:33 of 3rd period - Carnivores, Niklas Svedberg is pulled from the net.
19:33 of 3rd period - Snap shot by Blake Geoffrion.
19:33 of 3rd period - Shot Blocked by Jarred Tinordi.
19:35 of 3rd period - Snap shot by Chris Lawrence.
19:35 of 3rd period - Shot Misses the Net.
19:41 of 3rd period - Slapshot by Anton Gustafsson.
19:41 of 3rd period - Shot Blocked by Jarred Tinordi.
19:43 of 3rd period - Snap shot by Anton Gustafsson.
19:43 of 3rd period - Deflect By Mark Mancari.
19:43 of 3rd period - Shot Misses the Net.
19:43 of 3rd period - Puck is out of play.
19:44 of 3rd period - Wayne Gretzky call a timeout for Carnivores.
19:44 of 3rd period - Vincent Trocheck wins face-off versus Anton Gustafsson in Sewer Rats zone.
19:47 of 3rd period - Wrist shot by Blake Geoffrion.
19:47 of 3rd period - Shot Misses the Net.
19:49 of 3rd period - Snap shot by Anton Gustafsson.
19:49 of 3rd period - Shot Blocked by Stefan Elliott.
19:51 of 3rd period - Slapshot by Trevor Van Riemsdyk.
19:51 of 3rd period - Deflect By Anton Gustafsson.
19:51 of 3rd period - Stopped by Marek Mazanek with a rebound.
19:58 of 3rd period - Minor Penalty to Tomas Tatar for Elbowing.
19:59 of 3rd period - Mark Mancari wins face-off versus Anton Gustafsson in Sewer Rats zone.
Goals for this period are 2 for Carnivores vs 1 for Sewer Rats.
Shots for this period are 17 for Carnivores vs 15 for Sewer Rats.
Back to the Top